 Dungeon Crawl Stone Soup version 0.31.0-9-g3a7656b989 (webtiles) character file.

Game seed: 5033418090487476113

35 qw the Shooter (level 3, -4/18 HPs)
             Began as a Spriggan Hunter on Feb 2, 2024.
             Killed from afar by Sigmund (7 damage)
             ... with a puff of flame
             ... on level 2 of the Dungeon.
             The game lasted 00:00:02 (1089 turns).

qw the Shooter (Spriggan Hunter)                    Turns: 1089, Time: 00:00:03

Health: -4/18      AC:  2    Str:  7    XL:     3   Next: 16%
Magic:  4/4        EV: 19    Int: 10    God:
Gold:   62         SH:  0    Dex: 20    Spells: 2/2 levels left

rFire   . . .        a - +0 shortbow
rCold   . . .        (shield currently unavailable)
rNeg    . . .        c - +0 robe
rPois   .            (helmet restricted)
rElec   .            (no cloak)
rCorr   .            (gloves unavailable)
SInv    +            (boots unavailable)
Will    .....        (no amulet)
Stlth   ++           (no ring)
HPRegen 0.23/turn    (no ring)
MPRegen 0.09/turn

%: no passive effects
@: very quick
A: very small, no large weapons, unfitting armour, see invisible, speed 3
a: no special abilities


You were on level 2 of the Dungeon.
You visited 1 branch of the dungeon, and saw 2 of its levels.

You collected 62 gold pieces.


Innate Abilities, Weirdness & Mutations

You are very small and have problems with some larger weapons.
You are too small for most types of armour.
You have supernaturally acute eyesight. (SInv)
You cover ground extremely quickly. (Speed+++)


   Skills:
 - Level 1.5 Fighting
 + Level 4.5 Ranged Weapons
 - Level 4.0 Dodging
 - Level 1.5 Stealth


You had 2 spell levels left.
You didn't know any spells.
Your spell library was empty.

Inventory:

Hand Weapons
 a - a +0 shortbow (weapon)
Armour
 c - a +0 robe (worn)
Jewellery
 e - a ring of ice
Scrolls
 b - a scroll of identify
Potions
 d - a potion of curing
 f - a potion of enlightenment
 g - 2 potions of haste {unknown}
 i - a potion of degeneration {unknown}

Dungeon Overview and Level Annotations

Branches:
Dungeon (2/15)

Altars:

Annotations:
D:1 2 transporters
D:2 Sigmund


Message History

You hear a shout!
You shoot an arrow. The arrow closely misses Sigmund.
Sigmund zaps a wand.
The puff of flame hits you!
1069 ||| FLEEEEING.
1070 ||| FLEEEEING.
1071 ||| FLEEEEING.
1072 ||| FLEEEEING.
You start resting.
Sigmund is nearby!
1074 ||| FLEEEEING.
1075 ||| FLEEEEING.
You start resting.
Sigmund is nearby!
1078 ||| FLEEEEING.
You start resting.
Sigmund is nearby!
1080 ||| FLEEEEING.
Sigmund's eyes start glowing with a red light.
1081 ||| FLEEEEING.
You start resting.
Sigmund is nearby!
You shoot an arrow. The arrow closely misses Sigmund.
You start resting.
Sigmund is nearby!
You shoot an arrow. The arrow closely misses Sigmund.
You shoot an arrow. The arrow closely misses Sigmund.
Sigmund zaps a wand.
The puff of flame hits you.
You shoot an arrow. The arrow hits Sigmund.
Sigmund is lightly wounded.
Sigmund hits you from afar with a +0 scythe.
You shoot an arrow.
The arrow hits Sigmund but does no damage.
Sigmund is lightly wounded.
Sigmund zaps a wand.
The puff of flame misses you.
You shoot an arrow.
The arrow hits Sigmund but does no damage.
Sigmund is lightly wounded.
Sigmund zaps a wand.
The puff of flame hits you!
You die...
Sigmund begins carving another notch in his scythe.

....#..........#
(....#..........#
........[.......######
.......................#
..................####.#####
..............###.......<..#
.............># ####.......#
......#.......######.......#
..............#.@.........%#
.......#......@.######.#####
..........####### #.#
......#..## #.# .....[#..#
#.# .........).# #.#
.....@.###.# #)# ####... .#
.# #))# .


You could see Sigmund.

Vanquished Creatures
  6 endoplasms
  A giant cockroach (D:1)
  7 goblins
  5 hobgoblins
  4 kobolds
  2 bats (D:1)
  A frilled lizard (D:1)
  5 rats
31 creatures vanquished.

Notes
Turn   | Place    | Note
-------+----------+-------------------------------------------
     0 | D:1      | qw the Spriggan Hunter began the quest for the Orb.
     0 | D:1      | Reached XP level 1. HP: 10/10 MP: 2/2
     0 | D:1      | 0 ||| qw: Version: 0.3-a-155-g5e7d8dd
     0 | D:1      | 0 ||| qw: Game counter: 666
     0 | D:1      | 0 ||| qw: Melee chars always use a shield: true
     0 | D:1      | 0 ||| qw: God list: Okawaru
     0 | D:1      | 0 ||| qw: Allow faded altars: false
     0 | D:1      | 0 ||| qw: Do Orc after clearing Dungeon:15 true
     0 | D:1      | 0 ||| qw: Do second Lair branch before Depths: true
     0 | D:1      | 0 ||| qw: Lair rune preference: random
     0 | D:1      | 0 ||| qw: Goals: Normal
     0 | D:1      | 0 ||| PLANNING D:1-11
    27 | D:1      | Reached skill level 3 in Dodging
   216 | D:1      | Reached XP level 2. HP: 14/14 MP: 3/3
   993 | D:1      | 993 ||| READING scroll labelled VATHIKKEJA.
   993 | D:1      | 993 ||| IDENTIFYING sedimented amethyst potion
   994 | D:1      | 994 ||| DRINKING 2 orange potions.
   995 | D:1      | 995 ||| DROPPING scroll of butterflies.
  1027 | D:2      | Reached XP level 3. HP: 18/18 MP: 4/4
  1066 | D:2      | Noticed Sigmund
  1069 | D:2      | 1069 ||| FLEEEEING.
  1070 | D:2      | 1070 ||| FLEEEEING.
  1071 | D:2      | 1071 ||| FLEEEEING.
  1072 | D:2      | 1072 ||| FLEEEEING.
  1074 | D:2      | 1074 ||| FLEEEEING.
  1075 | D:2      | 1075 ||| FLEEEEING.
  1078 | D:2      | 1078 ||| FLEEEEING.
  1080 | D:2      | 1080 ||| FLEEEEING.
  1081 | D:2      | 1081 ||| FLEEEEING.
  1087 | D:2      | HP: 2/18 [Sigmund/+0 scythe (6)]
  1089 | D:2      | Killed from afar by Sigmund

Levels and vault maps discovered:
D:1:      spicycebolla_arrival_transporter_tutorial, layout_basic
D:2:      layout_rooms, uniq_jessica, uniq_sigmund

Skill      XL: |  1  2 |
---------------+-------+-----
Dodging        | 3 4 |  4.0
Fighting       | |  1.5
Ranged Weapons | |  4.5
Stealth        | |  1.5

Action                     || total
---------------------------++-------
   Fire: Shortbow          ||    66
    Use: Scroll            ||     1
         Potion            ||     1
 Armour: Robe              ||     8
  Dodge: Dodged            ||     9

Table legend:
 A = Non-vault XP
 B = Vault XP
 C = Vault XP percentage of total XP
 D = Non-vault monster count
 E = Vault monster count
 F = Vault count percentage of total count
                 A         B        C        D         E       F
            +---------+---------+-------+---------+---------+-------
      Total |      50 |       0 |   0.0 |      31 |       0 |   0.0
            +---------+---------+-------+---------+---------+-------
        D:1 |      39 |       0 |   0.0 |      24 |       0 |   0.0
        D:2 |      11 |       0 |   0.0 |       7 |       0 |   0.0
            +---------+---------+-------+---------+---------+-------
